 Dungeon Crawl Stone Soup version 0.22-a0-580-gd5db89c (webtiles) character file.

65402 Mgcat the Fighter (level 15, -2/119 HPs)
             Began as a Gnoll Wanderer on July 3, 2018.
             Was an Initiate of Gozag.
             Slain by an ettin
             ... wielding a +0 dire flail
              (25 damage)
             ... on level 1 of the Orcish Mines.
             The game lasted 01:23:00 (28446 turns).

Mgcat the Fighter (Gnoll Wanderer)                 Turns: 28446, Time: 01:23:01

Health: -2/119     AC: 31    Str: 20    XL:     15   Next: 16%
Magic:  28/28      EV: 13    Int: 16    God:    Gozag
Gold:   3534       SH: 10    Dex: 24    Spells: 33/33 levels left

rFire    + + .     SeeInvis .   b - +4 whip (elec)
rCold    . . .     Gourm    .   g - +2 buckler {reflect}
rNeg     . . .     Faith    .   N - +5 plate armour of Eshuris {rF+}
rPois    .         Spirit   .   I - +0 helmet (curse)
rElec    +         Reflect  +   G - +2 cloak {+Inv}
rCorr    .         Harm     .   A - +2 pair of gloves {Dex+3}
MR       +....     NoTele   +   y - +2 pair of boots
Stlth    ..........             q - amulet of rage {+Rage, !d}
HPRegen  0.29/turn              P - ring "Hariful" {-Tele Dex+7 Slay+3}
MPRegen  0.21/turn              l - ring "Ajoaciob" {rElec rF+ Stlth-}

@: gold aura
A: distributed training, fangs 1, strong nose
a: Potion Petition, Call Merchant, Bribe Branch, Renounce Religion, Evoke
Berserk Rage, Evoke Invisibility


You were on level 1 of the Orcish Mines.
You worshipped Gozag.
Gozag was most pleased with you.
You were not hungry.

You visited 4 branches of the dungeon, and saw 22 of its levels.
You also visited: Bailey and Volcano.

You collected 5976 gold pieces.
You spent 1379 gold pieces at shops.
You paid 1063 gold pieces to Gozag.

Inventory:

Hand Weapons
 a - a +5 fustibalus of freezing
   (You acquired it in a bailey)
 b - a +4 whip of electrocution (weapon)
   (You took it off a kobold on level 3 of the Dungeon)
 F - the +4 hunting sling "Pasyohac" {velocity, rN+ SInv}
   (You found it on level 10 of the Dungeon)

   Any stone fired from it inflicts extra damage.
   It protects you from negative energy.
   It lets you see invisible.
Missiles
 k - 544 stones (quivered)
 H - 141 sling bullets
Armour
 g - a +2 buckler of reflection (worn)
   (You bought it in a shop on level 11 of the Dungeon)
 y - a +2 pair of boots (worn)
   (You found it on level 6 of the Dungeon)
 A - a +2 pair of gloves of dexterity (worn)
   (You bought it in a shop on level 11 of the Dungeon)
 G - a +2 cloak of invisibility (worn)
   (You took it off Maurice on level 10 of the Dungeon)
 I - a cursed +0 helmet (worn)
   (You found it on level 3 of the Lair of Beasts)
 N - the +5 plate armour of Eshuris (worn) {rF+}
   (You bought it in a shop on level 11 of the Dungeon)

   It protects you from fire.
Jewellery
 l - the ring "Ajoaciob" (right hand) {rElec rF+ Stlth-}
   (You found it on level 1 of the Lair of Beasts)

   [ring of loudness]

   It protects you from fire.
   It insulates you from electricity.
   It makes you less stealthy.
 q - an amulet of rage (around neck) {+Rage, !d}
   (You found it on level 2 of the Lair of Beasts)
 s - an uncursed ring of flight {+Fly, !d}
   (You found it on level 13 of the Dungeon)
 K - an uncursed ring of positive energy {rN+}
   (You found it on level 11 of the Dungeon)
 P - the ring "Hariful" (left hand) {-Tele Dex+7 Slay+3}
   (You found it on level 6 of the Lair of Beasts)

   [ring of slaying]

   It affects your dexterity (+7).
   It affects your accuracy and damage with ranged weapons and melee attacks
   (+3).
   It prevents most forms of teleportation.
Wands
 C - a wand of iceblast (9)
   (You found it on level 8 of the Dungeon)
 E - a wand of flame (60)
   (You found it on level 10 of the Dungeon)
 L - a wand of scattershot (3)
   (You found it on level 6 of the Lair of Beasts)
Scrolls
 c - a scroll of amnesia
 i - 2 scrolls of fog
 j - 7 scrolls of remove curse
 o - 5 scrolls of magic mapping {!r}
 r - 5 scrolls of teleportation
 v - 2 scrolls of blinking {!r}
 w - 2 scrolls of fear
 J - 2 scrolls of identify
Potions
 e - 4 potions of brilliance
 h - 4 potions of curing
 n - 2 potions of resistance
 p - 3 potions of invisibility
 t - a potion of might
 x - 4 potions of flight
 z - 3 potions of mutation {!q}
 B - a potion of magic
 D - 2 potions of lignification {!q}
 M - a potion of ambrosia
 R - a potion of cancellation
Comestibles
 f - 16 rations


   Skills:
 + Level 11.5 Fighting
 + Level 9.7 Short Blades
 + Level 9.7 Long Blades
 + Level 10.6 Axes
 + Level 10.6 Maces & Flails
 + Level 9.7 Polearms
 + Level 9.7 Staves
 + Level 9.7 Slings
 + Level 9.7 Bows
 + Level 9.7 Crossbows
 + Level 10.0 Throwing
 + Level 10.0 Armour
 + Level 9.7 Dodging
 + Level 9.7 Stealth
 + Level 10.0 Shields
 + Level 9.7 Unarmed Combat
 + Level 9.7 Spellcasting
 + Level 8.1 Conjurations
 + Level 8.1 Hexes
 + Level 8.1 Charms
 + Level 8.1 Summonings
 + Level 8.1 Necromancy
 + Level 8.1 Translocations
 + Level 8.1 Transmutations
 + Level 8.1 Fire Magic
 + Level 8.1 Ice Magic
 + Level 8.1 Air Magic
 + Level 8.1 Earth Magic
 + Level 8.1 Poison Magic
 + Level 10.5 Invocations
 + Level 9.7 Evocations


You had 33 spell levels left.
You didn't know any spells.
Your spell library contained the following spells:

 Spells                   Type           Power        Failure   Level  Hunger
 Apportation              Tloc           ####..       6%          1    None
 Recall                   Summ/Tloc      N/A          17%         3    None
 Deflect Missiles         Chrm/Air       ####......   100%        6    ######.
 Silence                  Hex/Air        ####......   85%         5    #####..
 Portal Projectile        Hex/Tloc       ####..       17%         3    None


Dungeon Overview and Level Annotations

Branches:
Dungeon (13/15)            Temple (1/1) D:5            Lair (6/6) D:9
 Shoals (0/4) Lair:3        Snake (0/4) Lair:3        Slime (0/5) Lair:5
    Orc (2/2) D:12
    Elf: Orc:2       Vaults: D:13-14

Altars:
Ashenzari
Cheibriados
Dithmenos
Elyvilon
Fedhas
Gozag
Hepliaklqana
Kikubaaqudgha
Makhleb
Nemelex Xobeh
Okawaru
Qazlal
Ru
Sif Muna
Trog
Uskayaw
Vehumet
Wu Jian
Xom
Yredelemnul
Zin
The Shining One

Shops:
D:5 (   D:10 (   D:11 [

Portals:
Trove: D:11 (give horn of Geryon)

Annotations:
Lair:1 1 runed door, Xetaorace's ghost, journeyman DsGl
Lair:2 1 runed door, Cuyts's ghost, journeyman DsGl
Lair:5 exclusion: oklob plant


Innate Abilities, Weirdness & Mutations

Your experience applies equally to all skills.
You have very sharp teeth.
Your uncanny sense of smell can sniff out nearby items.


Message History

Lightning courses through the orc wizard!
You kill the orc wizard!
The orc is no longer distracted by gold.
The orc is distracted by the nearby gold. x2
The orc warrior unwields an uncursed broad axe.
The orc warrior wields an arbalest.
The orc warrior shoots a bolt.
You reflect the bolt off your +2 buckler of reflection!
The bolt hits the orc warrior but does no damage.
The orc shouts! x2
The orc warrior is no longer distracted by gold.
The orc is no longer distracted by gold.
There is a stone staircase leading up here.
Your +4 whip of electrocution stops crackling.
Your +5 fustibalus of freezing is covered in frost.
a - a +5 fustibalus of freezing (weapon)
The orc warrior unwields an uncursed war axe.
The orc warrior wields an arbalest.
The orc warrior shoots a bolt.
The bolt misses you.
You hear a shout!
Firing (i - inventory. (/) - cycle)
k - 546 stones (quivered)
Press: ? - help, Shift-Dir - straight line, f - orc warrior
Aim: an orc warrior, wielding a long sword and wearing a plate armour You shoot a stone.
The stone closely misses the orc warrior.
You block the orc warrior's attack.
Firing (i - inventory. (/) - cycle)
k - 545 stones (quivered)
Press: ? - help, Shift-Dir - straight line, f/p - orc warrior
Aim: an orc warrior, wielding a long sword and wearing a plate armour You shoot a stone.
The stone hits the orc warrior.
The stone freezes the orc warrior.
The orc warrior is lightly wounded.
The orc warrior misses you. The orc warrior misses you.
The ettin completely misses you. The ettin misses you.
You climb upwards.
There is a stone staircase leading down here.
Your +5 fustibalus of freezing stops glowing.
You hear the crackle of electricity.
b - a +4 whip of electrocution (weapon)
The orc warrior misses you. x2; The ettin completely misses you.
You block the ettin's attack.
You whack the orc warrior!
The orc warrior is moderately wounded.
You whack the orc warrior! Your bite misses the orc warrior.
The orc warrior is severely wounded.
You block the orc warrior's attack. The ettin hits you with a dire flail!
You block the ettin's attack. You block the orc warrior's attack.
You whack the orc warrior!
You kill the orc warrior!
You barely miss the ettin. You block the ettin's attack.
The ettin completely misses you.
The orc warrior is distracted by the nearby gold.
Your plate armour of Eshuris prevents you from hitting the ettin.
Your plate armour of Eshuris prevents you from hitting the ettin.
You block the ettin's attack. The ettin hits you with a dire flail!!
You are too injured to fight recklessly!
You are too injured to fight recklessly!
You are too injured to fight recklessly!
You are too injured to fight recklessly!
You hit the orc warrior.
The orc warrior is no longer distracted by gold.
The orc warrior is lightly wounded.
You hit the orc warrior but do no damage.
You bite the orc warrior.
The orc warrior is moderately wounded.
The orc warrior misses you. The ettin hits you with a dire flail!!
The ettin hits you but does no damage.
You hit the ettin.
The ettin is lightly wounded.
You hit the ettin but do no damage. Lightning courses through the ettin!
The ettin is moderately wounded.
The orc warrior closely misses you. The ettin hits you but does no damage.
The ettin hits you with a dire flail!
You hit the ettin.
The ettin is moderately wounded.
You feel much better.
The ettin hits you but does no damage. x2
You block the orc warrior's attack.
You completely miss the ettin.
The ettin is moderately wounded.
The ettin closely misses you. The ettin hits you with a dire flail!
The orc warrior hits you but does no damage.
You hit the ettin but do no damage. Lightning courses through the ettin!
The ettin is heavily wounded.
You hit the ettin.
The ettin is heavily wounded.
The ettin hits you with a dire flail! The ettin closely misses you.
The orc warrior closely misses you.
You whack the ettin! You bite the ettin, but do no damage.
The ettin is severely wounded.
You hit the ettin.
The ettin is severely wounded.
The ettin hits you with a dire flail!
* * * LOW HITPOINT WARNING * * *
You block the ettin's attack.
The orc warrior hits you but does no damage.
You feel much better. The ettin hits you with a dire flail!!
* * * LOW HITPOINT WARNING * * *
The ettin hits you with a dire flail!!
You die...
Your body crumbles into a pile of gold.

.........................##
..........................#
.....................#...###
...........................##
#.........#.>...............#
.............[...(.........##
............................#
................).(........##
..#.............@C)##.....##
.#.............$.o)(.......##
#...........................#
##.#.##.....................#
##.###.......#....[........#
##.......#.##.....[......#.##
#.......#.........)[....####
.........#.......(.(...##
#.....................##


You could see an ettin and an orc warrior.

Vanquished Creatures
  Rupert (Lair:5)
  Kirke (Lair:4)
  5 dire elephants (Lair:6)
  A centaur warrior (D:13)
  5 hydras
  An anaconda (Lair:6)
  3 two-headed ogres
  7 death yaks
  An orc high priest (Orc:1)
  2 unseen horrors
  2 lindwurms (Volcano)
  An orc knight (Orc:1)
  2 orc sorcerers
  A cyclops (D:12)
  A manticore (D:13)
  An ugly thing (D:11)
  6 black mambas
  Joseph (D:7)
  4 elephants (Lair:6)
  3 merfolk sirens (Lair:3)
  3 molten gargoyles (Volcano)
  Maurice (D:10)
  A gargoyle (D:12)
  9 spiny frogs
  A rime drake (Lair:1)
  A kobold demonologist (Bailey)
  3 efreet (Volcano)
  A troll (D:11)
  A queen bee (D:12)
  7 komodo dragons
  2 tengu conjurers (D:13)
  A merfolk (Lair:3)
  A polar bear (Lair:5)
  3 meliai (D:12)
  Grinder (D:6)
  A hornet (D:9)
  7 hippogriffs
  8 blink frogs
  A shadow (D:12)
  2 hogs (Lair:4)
  A spriggan (D:7)
  A vampire (D:11)
  The ghost of sking99 the Sneak, an amateur SpEn (D:4)
  A wyvern (D:12)
  2 basilisks
  44 yaks
  A steam dragon (D:11)
  5 fire elementals (Volcano)
  2 hungry ghosts
  2 wargs (Orc:1)
  An acid dragon (D:11)
  3 nagas (Lair:3)
  A soldier ant (D:11)
  17 water moccasins
  3 porcupines
  29 orc warriors
  2 black bears
  Duvessa (D:6)
  11 ogres
  2 sky beasts
  4 phantoms
  5 wolves (Lair:6)
  11 crocodiles
  7 centaurs
  2 big kobolds
  18 bullfrogs
  2 earth elementals (Volcano)
  A wyvern skeleton (D:9)
  Dowan (D:6)
  5 scorpions
  30 killer bees
  13 wights
  5 electric eels (Bailey)
  7 howler monkeys
  2 centaur zombies
  A bullfrog zombie (D:9)
  5 crimson imps
  4 jellies
  2 quasits
  3 hounds
  10 orc priests
  16 orc wizards
  A bullfrog skeleton (D:3)
  2 centaur skeletons
  9 iguanas
  12 worker ants
  A killer bee zombie (D:8)
  2 worker ant zombies
  Robin (D:3)
  9 gnolls
  15 adders
  4 shadow imps
  3 adder zombies
  6 oozes
  An adder skeleton (D:6)
  3 worms
  2 dart slugs
  11 leopard geckos
  65 orcs
  16 giant cockroaches
  20 goblins
  18 hobgoblins
  21 kobolds
  2 quokkas
  A ball python (D:3)
  12 bats
  3 frilled lizards
  A jackal skeleton (D:5)
  A quokka skeleton (D:4)
  8 rats
  2 fire vortices (Volcano)
  A fungus (Lair:5)
  2 plants (Lair:6)
643 creatures vanquished.

Vanquished Creatures (others)
  A molten gargoyle (Volcano)
  A hippogriff (Lair:5)
  3 humans (Lair:5)
  2 orc warriors (Orc:2)
  A centaur (Orc:2)
  An orc wizard (Orc:2)
  7 fungi
  4 plants
  2 withered plants (Lair:2)
22 creatures vanquished.

Grand Total: 665 creatures vanquished

Notes
Turn   | Place    | Note
-------+----------+-------------------------------------------
     0 | D:1      | Mgcat the Gnoll Wanderer began the quest for the Orb.
     0 | D:1      | Mgcat set off with: a +2 mace, a +0 ring mail, 11 poisoned needles, a +0 blowgun, a ration
     0 | D:1      | Reached XP level 1. HP: 23/23 MP: 1/1
   247 | D:1      | Reached XP level 2. HP: 18/29 MP: 2/2
   646 | D:1      | Reached XP level 3. HP: 35/35 MP: 3/3
  1085 | D:2      | Reached skill level 1 in Invocations
  1160 | D:2      | Reached skill level 1 in Short Blades
  1160 | D:2      | Reached skill level 1 in Long Blades
  1160 | D:2      | Reached skill level 1 in Polearms
  1160 | D:2      | Reached skill level 1 in Staves
  1160 | D:2      | Reached skill level 1 in Slings
  1160 | D:2      | Reached skill level 1 in Bows
  1160 | D:2      | Reached skill level 1 in Crossbows
  1160 | D:2      | Reached skill level 1 in Dodging
  1160 | D:2      | Reached skill level 1 in Stealth
  1160 | D:2      | Reached skill level 1 in Unarmed Combat
  1160 | D:2      | Reached skill level 1 in Spellcasting
  1160 | D:2      | Reached skill level 1 in Evocations
  1273 | D:2      | Reached XP level 4. HP: 40/41 MP: 5/5
  1839 | D:3      | Reached skill level 1 in Conjurations
  1839 | D:3      | Reached skill level 1 in Hexes
  1839 | D:3      | Reached skill level 1 in Charms
  1839 | D:3      | Reached skill level 1 in Summonings
  1839 | D:3      | Reached skill level 1 in Necromancy
  1839 | D:3      | Reached skill level 1 in Translocations
  1839 | D:3      | Reached skill level 1 in Transmutations
  1839 | D:3      | Reached skill level 1 in Fire Magic
  1839 | D:3      | Reached skill level 1 in Ice Magic
  1839 | D:3      | Reached skill level 1 in Air Magic
  1839 | D:3      | Reached skill level 1 in Earth Magic
  1839 | D:3      | Reached skill level 1 in Poison Magic
  2184 | D:3      | Reached XP level 5. HP: 47/47 MP: 6/6
  2401 | D:3      | Found a sacrificial altar of Ru.
  2473 | D:3      | Reached skill level 3 in Throwing
  2473 | D:3      | Reached skill level 3 in Armour
  2473 | D:3      | Reached skill level 3 in Shields
  2662 | D:3      | Noticed Robin
  2672 | D:3      | Killed Robin
  2760 | D:3      | Reached XP level 6. HP: 49/53 MP: 8/8
  2815 | D:3      | Reached skill level 2 in Invocations
  2983 | D:4      | Reached skill level 2 in Short Blades
  2983 | D:4      | Reached skill level 2 in Long Blades
  2983 | D:4      | Reached skill level 5 in Axes
  2983 | D:4      | Reached skill level 5 in Maces & Flails
  2983 | D:4      | Reached skill level 2 in Polearms
  2983 | D:4      | Reached skill level 2 in Staves
  2983 | D:4      | Reached skill level 2 in Slings
  2983 | D:4      | Reached skill level 2 in Bows
  2983 | D:4      | Reached skill level 2 in Crossbows
  2983 | D:4      | Reached skill level 2 in Dodging
  2983 | D:4      | Reached skill level 2 in Stealth
  2983 | D:4      | Reached skill level 2 in Unarmed Combat
  2983 | D:4      | Reached skill level 2 in Spellcasting
  2983 | D:4      | Reached skill level 2 in Evocations
  3067 | D:4      | Found a runed door.
  3092 | D:4      | Noticed sking99's ghost (amateur SpEn)
  3097 | D:4      | Reached XP level 7. HP: 52/59 MP: 10/10
  3626 | D:4      | Reached skill level 7 in Fighting
  3658 | D:4      | Reached skill level 2 in Conjurations
  3658 | D:4      | Reached skill level 2 in Hexes
  3658 | D:4      | Reached skill level 2 in Charms
  3658 | D:4      | Reached skill level 2 in Summonings
  3658 | D:4      | Reached skill level 2 in Necromancy
  3658 | D:4      | Reached skill level 2 in Translocations
  3658 | D:4      | Reached skill level 2 in Transmutations
  3658 | D:4      | Reached skill level 2 in Fire Magic
  3658 | D:4      | Reached skill level 2 in Ice Magic
  3658 | D:4      | Reached skill level 2 in Air Magic
  3658 | D:4      | Reached skill level 2 in Earth Magic
  3658 | D:4      | Reached skill level 2 in Poison Magic
  3940 | D:5      | Entered Level 5 of the Dungeon
  4060 | D:5      | Reached skill level 3 in Invocations
  4216 | D:5      | Reached XP level 8. HP: 47/67 MP: 12/12
  4383 | D:5      | Found a staircase to the Ecumenical Temple.
  4390 | Temple   | Entered the Ecumenical Temple
  4571 | Temple   | Became a worshipper of Gozag Ym Sagoz the Greedy
  4723 | D:5      | Found Taighac's Antique Weapon Shop.
  4886 | D:5      | Found a glowing golden altar of the Shining One.
  4924 | D:5      | Reached skill level 4 in Throwing
  4924 | D:5      | Reached skill level 4 in Armour
  4924 | D:5      | Reached skill level 4 in Shields
  5017 | D:5      | Reached skill level 3 in Short Blades
  5017 | D:5      | Reached skill level 3 in Long Blades
  5017 | D:5      | Reached skill level 3 in Polearms
  5017 | D:5      | Reached skill level 3 in Staves
  5017 | D:5      | Reached skill level 3 in Slings
  5017 | D:5      | Reached skill level 3 in Bows
  5017 | D:5      | Reached skill level 3 in Crossbows
  5017 | D:5      | Reached skill level 3 in Dodging
  5017 | D:5      | Reached skill level 3 in Stealth
  5017 | D:5      | Reached skill level 3 in Unarmed Combat
  5017 | D:5      | Reached skill level 3 in Spellcasting
  5017 | D:5      | Reached skill level 3 in Evocations
  5147 | D:5      | Found a bloodstained altar of Trog.
  5147 | D:5      | Found a blossoming altar of Fedhas.
  5148 | D:5      | Found a white marble altar of Elyvilon.
  5228 | D:6      | Noticed Duvessa
  5228 | D:6      | Noticed Dowan
  5322 | D:6      | Killed Dowan
  5625 | D:6      | Killed Duvessa
  5754 | D:6      | Found an ornate altar of the Wu Jian Council.
  5919 | D:6      | Found an iron altar of Okawaru.
  6164 | D:6      | Noticed Grinder
  6165 | D:6      | Paralysed by Grinder for 5 turns
  6175 | D:6      | Killed Grinder
  6477 | D:7      | Reached skill level 3 in Conjurations
  6477 | D:7      | Reached skill level 3 in Hexes
  6477 | D:7      | Reached skill level 3 in Charms
  6477 | D:7      | Reached skill level 3 in Summonings
  6477 | D:7      | Reached skill level 3 in Necromancy
  6477 | D:7      | Reached skill level 3 in Translocations
  6477 | D:7      | Reached skill level 3 in Transmutations
  6477 | D:7      | Reached skill level 3 in Fire Magic
  6477 | D:7      | Reached skill level 3 in Ice Magic
  6477 | D:7      | Reached skill level 3 in Air Magic
  6477 | D:7      | Reached skill level 3 in Earth Magic
  6477 | D:7      | Reached skill level 3 in Poison Magic
  6477 | D:7      | Reached skill level 4 in Invocations
  6484 | D:7      | Reached XP level 9. HP: 57/72 MP: 14/14
  6496 | D:7      | Noticed Joseph
  6512 | D:7      | Killed Joseph
  6512 | D:7      | Reached skill level 6 in Axes
  6512 | D:7      | Reached skill level 6 in Maces & Flails
  6516 | D:7      | Reached skill level 4 in Short Blades
  6516 | D:7      | Reached skill level 4 in Long Blades
  6516 | D:7      | Reached skill level 4 in Polearms
  6516 | D:7      | Reached skill level 4 in Staves
  6516 | D:7      | Reached skill level 4 in Slings
  6516 | D:7      | Reached skill level 4 in Bows
  6516 | D:7      | Reached skill level 4 in Crossbows
  6516 | D:7      | Reached skill level 4 in Dodging
  6516 | D:7      | Reached skill level 4 in Stealth
  6516 | D:7      | Reached skill level 4 in Unarmed Combat
  6516 | D:7      | Reached skill level 4 in Spellcasting
  6516 | D:7      | Reached skill level 4 in Evocations
  6619 | D:7      | Found a sparkling altar of Nemelex Xobeh.
  6867 | D:7      | Found a burning altar of Makhleb.
  7267 | D:8      | Reached skill level 5 in Throwing
  7267 | D:8      | Reached skill level 5 in Armour
  7267 | D:8      | Reached skill level 5 in Shields
  7588 | D:7      | Reached skill level 8 in Fighting
  7794 | D:8      | HP: 13/74 [wight/enchanted halberd (8)]
  8022 | D:8      | Found a stormy altar of Qazlal.
  8235 | D:8      | Reached skill level 5 in Invocations
  8550 | D:8      | Reached XP level 10. HP: 78/80 MP: 17/17
  8598 | D:8      | Reached skill level 4 in Conjurations
  8598 | D:8      | Reached skill level 4 in Hexes
  8598 | D:8      | Reached skill level 4 in Charms
  8598 | D:8      | Reached skill level 4 in Summonings
  8598 | D:8      | Reached skill level 4 in Necromancy
  8598 | D:8      | Reached skill level 4 in Translocations
  8598 | D:8      | Reached skill level 4 in Transmutations
  8598 | D:8      | Reached skill level 4 in Fire Magic
  8598 | D:8      | Reached skill level 4 in Ice Magic
  8598 | D:8      | Reached skill level 4 in Air Magic
  8598 | D:8      | Reached skill level 4 in Earth Magic
  8598 | D:8      | Reached skill level 4 in Poison Magic
  8888 | D:9      | Found a staircase to the Lair.
  9251 | D:9      | Reached skill level 5 in Short Blades
  9251 | D:9      | Reached skill level 5 in Long Blades
  9251 | D:9      | Reached skill level 5 in Polearms
  9251 | D:9      | Reached skill level 5 in Staves
  9251 | D:9      | Reached skill level 5 in Slings
  9251 | D:9      | Reached skill level 5 in Bows
  9251 | D:9      | Reached skill level 5 in Crossbows
  9251 | D:9      | Reached skill level 5 in Dodging
  9251 | D:9      | Reached skill level 5 in Stealth
  9251 | D:9      | Reached skill level 5 in Unarmed Combat
  9251 | D:9      | Reached skill level 5 in Spellcasting
  9251 | D:9      | Reached skill level 5 in Evocations
  9402 | D:9      | Found a shadowy altar of Dithmenos.
  9417 | D:9      | Found a snail-covered altar of Cheibriados.
  9630 | D:10     | Entered Level 10 of the Dungeon
  9665 | D:10     | Reached skill level 7 in Axes
  9665 | D:10     | Reached skill level 7 in Maces & Flails
  9852 | D:10     | Found a flagged portal.
  9876 | Bailey   | Entered a bailey
 10136 | Bailey   | Found an iron altar of Okawaru.
 10136 | Bailey   | Noticed a kobold demonologist
 10145 | Bailey   | Noticed an orange demon
 10146 | Bailey   | Noticed a rust devil
 10148 | Bailey   | Noticed an orc sorcerer
 10150 | Bailey   | Noticed an orange demon
 10152 | Bailey   | Killed a kobold demonologist
 10152 | Bailey   | Reached skill level 6 in Throwing
 10152 | Bailey   | Reached skill level 6 in Armour
 10152 | Bailey   | Reached skill level 6 in Shields
 10158 | Bailey   | Killed an orc sorcerer
 10158 | Bailey   | Reached skill level 6 in Invocations
 10174 | Bailey   | HP: 20/82 [orc warrior/war axe (17)]
 10384 | Bailey   | HP: 9/82 [electric eel/bolt of electricity (12)]
 11039 | Bailey   | Reached XP level 11. HP: 69/87 MP: 19/19
 12038 | D:10     | HP: 21/87 [poisoned by a killer bee]
 12043 | D:9      | HP: 19/87 [poisoned by a killer bee]
 12048 | D:9      | HP: 17/87 [poisoned by a killer bee]
 12053 | D:9      | HP: 16/87 [poisoned by a killer bee]
 12060 | D:9      | HP: 16/87 [poisoned by a killer bee]
 12068 | D:9      | HP: 16/87 [poisoned by a killer bee]
 12378 | D:10     | Got a fine hunting sling
 12379 | D:10     | Identified the +4 hunting sling "Pasyohac" {velocity, rN+ SInv} (You found it on level 10 of the Dungeon)
 12417 | D:10     | Noticed Maurice
 12439 | D:10     | Killed Maurice
 12682 | D:11     | Noticed a two-headed ogre
 12694 | D:10     | Killed a two-headed ogre
 12694 | D:10     | Reached skill level 9 in Fighting
 12694 | D:10     | Reached skill level 6 in Short Blades
 12694 | D:10     | Reached skill level 6 in Long Blades
 12694 | D:10     | Reached skill level 6 in Polearms
 12694 | D:10     | Reached skill level 6 in Staves
 12694 | D:10     | Reached skill level 6 in Slings
 12694 | D:10     | Reached skill level 6 in Bows
 12694 | D:10     | Reached skill level 6 in Crossbows
 12694 | D:10     | Reached skill level 6 in Dodging
 12694 | D:10     | Reached skill level 6 in Stealth
 12694 | D:10     | Reached skill level 6 in Unarmed Combat
 12694 | D:10     | Reached skill level 6 in Spellcasting
 12694 | D:10     | Reached skill level 5 in Conjurations
 12694 | D:10     | Reached skill level 5 in Hexes
 12694 | D:10     | Reached skill level 5 in Charms
 12694 | D:10     | Reached skill level 5 in Summonings
 12694 | D:10     | Reached skill level 5 in Necromancy
 12694 | D:10     | Reached skill level 5 in Translocations
 12694 | D:10     | Reached skill level 5 in Transmutations
 12694 | D:10     | Reached skill level 5 in Fire Magic
 12694 | D:10     | Reached skill level 5 in Ice Magic
 12694 | D:10     | Reached skill level 5 in Air Magic
 12694 | D:10     | Reached skill level 5 in Earth Magic
 12694 | D:10     | Reached skill level 5 in Poison Magic
 12694 | D:10     | Reached skill level 6 in Evocations
 13377 | D:4      | Killed sking99's ghost
 13984 | D:11     | Noticed a four-headed hydra
 13998 | D:11     | HP: 17/89 [four-headed hydra (9)]
 14000 | D:11     | Killed a four-headed hydra
 14000 | D:11     | Noticed an unseen horror
 14011 | D:11     | HP: 16/89 [shadow imp/nerve-wracking pain (5)]
 14345 | D:10     | Killed an unseen horror
 14411 | D:11     | Reached skill level 7 in Invocations
 14489 | D:11     | Found a portal to a secret trove of treasure.
 14504 | D:11     | Reached skill level 8 in Axes
 14504 | D:11     | Reached skill level 8 in Maces & Flails
 14504 | D:11     | Reached skill level 7 in Throwing
 14504 | D:11     | Reached skill level 7 in Armour
 14504 | D:11     | Reached skill level 7 in Shields
 14959 | D:11     | Reached XP level 12. HP: 61/96 MP: 22/22
 15621 | D:11     | Bought the +5 plate armour of Eshuris {rF+} for 930 gold pieces
 15633 | D:11     | Bought a +0 buckler of reflection for 127 gold pieces
 15674 | Lair:1   | Entered Level 1 of the Lair of Beasts
 15686 | Lair:1   | Noticed a seven-headed hydra
 15703 | Lair:1   | Killed a seven-headed hydra
 15708 | Lair:1   | Reached skill level 7 in Short Blades
 15708 | Lair:1   | Reached skill level 7 in Long Blades
 15708 | Lair:1   | Reached skill level 7 in Polearms
 15708 | Lair:1   | Reached skill level 7 in Staves
 15708 | Lair:1   | Reached skill level 7 in Slings
 15708 | Lair:1   | Reached skill level 7 in Bows
 15708 | Lair:1   | Reached skill level 7 in Crossbows
 15708 | Lair:1   | Reached skill level 7 in Dodging
 15708 | Lair:1   | Reached skill level 7 in Stealth
 15708 | Lair:1   | Reached skill level 7 in Unarmed Combat
 15708 | Lair:1   | Reached skill level 7 in Spellcasting
 15708 | Lair:1   | Reached skill level 7 in Evocations
 16368 | Lair:1   | Reached skill level 6 in Conjurations
 16368 | Lair:1   | Reached skill level 6 in Hexes
 16368 | Lair:1   | Reached skill level 6 in Charms
 16368 | Lair:1   | Reached skill level 6 in Summonings
 16368 | Lair:1   | Reached skill level 6 in Necromancy
 16368 | Lair:1   | Reached skill level 6 in Translocations
 16368 | Lair:1   | Reached skill level 6 in Transmutations
 16368 | Lair:1   | Reached skill level 6 in Fire Magic
 16368 | Lair:1   | Reached skill level 6 in Ice Magic
 16368 | Lair:1   | Reached skill level 6 in Air Magic
 16368 | Lair:1   | Reached skill level 6 in Earth Magic
 16368 | Lair:1   | Reached skill level 6 in Poison Magic
 16454 | Lair:1   | Noticed a four-headed hydra
 16466 | Lair:1   | Killed a four-headed hydra
 16466 | Lair:1   | Reached skill level 8 in Invocations
 17348 | Lair:1   | Found a runed door.
 17349 | Lair:1   | Noticed Xetaorace's ghost (journeyman DsGl)
 17440 | Lair:1   | HP: 24/97 [poisoned by a spiny frog]
 17445 | Lair:1   | HP: 23/97 [poisoned by a spiny frog]
 17450 | Lair:1   | HP: 22/97 [poisoned by a spiny frog]
 17457 | Lair:1   | HP: 22/97 [poisoned by a spiny frog]
 17465 | Lair:1   | HP: 22/97 [poisoned by a spiny frog]
 17758 | Lair:1   | Noticed a five-headed hydra
 17767 | Lair:1   | Killed a five-headed hydra
 17767 | Lair:1   | Reached skill level 10 in Fighting
 17767 | Lair:1   | Reached skill level 8 in Throwing
 17767 | Lair:1   | Reached skill level 8 in Armour
 17767 | Lair:1   | Reached skill level 8 in Shields
 17788 | Lair:1   | Got a pitted glass ring
 17790 | Lair:1   | Identified the ring "Ajoaciob" {rElec rF+ Stlth-} (You found it on level 1 of the Lair of Beasts)
 18008 | Lair:2   | Found a runed door.
 18011 | Lair:2   | Noticed Cuyts's ghost (journeyman DsGl)
 18180 | Lair:2   | Reached skill level 9 in Axes
 18180 | Lair:2   | Reached skill level 9 in Maces & Flails
 18437 | Lair:2   | Reached XP level 13. HP: 103/103 MP: 24/24
 18683 | Lair:3   | Found a staircase to the Snake Pit.
 18783 | Lair:3   | Found a dark tunnel.
 18792 | Volcano  | Entered a volcano
 18830 | Volcano  | HP: 22/103 [molten gargoyle/bolt of magma (15)]
 18844 | Volcano  | HP: 25/103 [molten gargoyle/bolt of magma (9)]
 19287 | Volcano  | HP: 5/103 [earth elemental (27)]
 19563 | Volcano  | Reached skill level 8 in Short Blades
 19563 | Volcano  | Reached skill level 8 in Long Blades
 19563 | Volcano  | Reached skill level 8 in Polearms
 19563 | Volcano  | Reached skill level 8 in Staves
 19563 | Volcano  | Reached skill level 8 in Slings
 19563 | Volcano  | Reached skill level 8 in Bows
 19563 | Volcano  | Reached skill level 8 in Crossbows
 19563 | Volcano  | Reached skill level 8 in Dodging
 19563 | Volcano  | Reached skill level 8 in Stealth
 19563 | Volcano  | Reached skill level 8 in Unarmed Combat
 19563 | Volcano  | Reached skill level 8 in Spellcasting
 19563 | Volcano  | Reached skill level 8 in Evocations
 20594 | Lair:3   | Reached skill level 9 in Invocations
 20600 | Lair:3   | Found a staircase to the Shoals.
 21292 | Lair:4   | Reached skill level 7 in Conjurations
 21292 | Lair:4   | Reached skill level 7 in Hexes
 21292 | Lair:4   | Reached skill level 7 in Charms
 21292 | Lair:4   | Reached skill level 7 in Summonings
 21292 | Lair:4   | Reached skill level 7 in Necromancy
 21292 | Lair:4   | Reached skill level 7 in Translocations
 21292 | Lair:4   | Reached skill level 7 in Transmutations
 21292 | Lair:4   | Reached skill level 7 in Fire Magic
 21292 | Lair:4   | Reached skill level 7 in Ice Magic
 21292 | Lair:4   | Reached skill level 7 in Air Magic
 21292 | Lair:4   | Reached skill level 7 in Earth Magic
 21292 | Lair:4   | Reached skill level 7 in Poison Magic
 22046 | D:11     | Bought a +2 pair of gloves of dexterity for 322 gold pieces
 22198 | Lair:5   | Noticed Rupert
 22198 | Lair:5   | Noticed Kirke
 22199 | Lair:5   | Paralysed by Rupert for 3 turns
 22266 | Lair:4   | Killed Kirke
 22266 | Lair:4   | Reached skill level 9 in Throwing
 22266 | Lair:4   | Reached skill level 9 in Armour
 22266 | Lair:4   | Reached skill level 9 in Shields
 22315 | Lair:5   | Killed Rupert
 22315 | Lair:5   | Reached XP level 14. HP: 92/111 MP: 26/26
 22370 | Lair:5   | Found a staircase to the Slime Pits.
 22838 | Lair:5   | Found a deep blue altar of Sif Muna.
 23604 | Lair:6   | Entered Level 6 of the Lair of Beasts
 23646 | Lair:5   | Reached skill level 10 in Axes
 23646 | Lair:5   | Reached skill level 10 in Maces & Flails
 24078 | Lair:6   | Reached skill level 11 in Fighting
 24291 | Lair:6   | Reached skill level 9 in Short Blades
 24291 | Lair:6   | Reached skill level 9 in Long Blades
 24291 | Lair:6   | Reached skill level 9 in Polearms
 24291 | Lair:6   | Reached skill level 9 in Staves
 24291 | Lair:6   | Reached skill level 9 in Slings
 24291 | Lair:6   | Reached skill level 9 in Bows
 24291 | Lair:6   | Reached skill level 9 in Crossbows
 24291 | Lair:6   | Reached skill level 9 in Dodging
 24291 | Lair:6   | Reached skill level 9 in Stealth
 24291 | Lair:6   | Reached skill level 9 in Unarmed Combat
 24291 | Lair:6   | Reached skill level 9 in Spellcasting
 24291 | Lair:6   | Reached skill level 9 in Evocations
 25156 | Lair:6   | Noticed a dire elephant
 25191 | Lair:6   | Killed a dire elephant
 25363 | Lair:6   | Noticed a dire elephant
 25386 | Lair:6   | Killed a dire elephant
 25534 | Lair:6   | Noticed a dire elephant
 25554 | Lair:6   | Killed a dire elephant
 25554 | Lair:6   | Reached skill level 10 in Invocations
 25738 | Lair:6   | Noticed a dire elephant
 25738 | Lair:6   | Noticed a dire elephant
 25760 | Lair:6   | Killed a dire elephant
 25769 | Lair:6   | Killed a dire elephant
 25792 | Lair:6   | Identified Sif Muna's Grimoire of the Floating Voyage
 25795 | Lair:6   | Got a crude wooden ring
 25797 | Lair:6   | Identified the ring "Hariful" {-Tele Dex+7 Slay+3} (You found it on level 6 of the Lair of Beasts)
 26925 | D:12     | Found a staircase to the Orcish Mines.
 27071 | D:12     | Got a bronze ring mail
 27403 | D:13     | Identified the +1 ring mail of Boredom {rN++} (You took it off an orc on level 12 of the Dungeon)
 27596 | D:13     | Reached skill level 8 in Conjurations
 27596 | D:13     | Reached skill level 8 in Hexes
 27596 | D:13     | Reached skill level 8 in Charms
 27596 | D:13     | Reached skill level 8 in Summonings
 27596 | D:13     | Reached skill level 8 in Necromancy
 27596 | D:13     | Reached skill level 8 in Translocations
 27596 | D:13     | Reached skill level 8 in Transmutations
 27596 | D:13     | Reached skill level 8 in Fire Magic
 27596 | D:13     | Reached skill level 8 in Ice Magic
 27596 | D:13     | Reached skill level 8 in Air Magic
 27596 | D:13     | Reached skill level 8 in Earth Magic
 27596 | D:13     | Reached skill level 8 in Poison Magic
 27596 | D:13     | Reached XP level 15. HP: 119/119 MP: 28/28
 27685 | Orc:1    | Entered Level 1 of the Orcish Mines
 27826 | Orc:1    | Reached skill level 10 in Throwing
 27826 | Orc:1    | Reached skill level 10 in Armour
 27826 | Orc:1    | Reached skill level 10 in Shields
 28220 | Orc:2    | Entered Level 2 of the Orcish Mines
 28446 | Orc:1    | HP: 23/119 [ettin/dire flail (33)]
 28446 | Orc:1    | Slain by an ettin

Vault maps used:
D:1:      wheals_arrival_linesprint
D:3:      minmay_roachtagon, nicolae_ru_great_annihilating_truth, uniq_robin
D:4:      first_ration, serial_bayou, serial_bayou_pond_a, serial_bayou_pond_d,
          serial_bayou_shore_a, serial_bayou_pond_d, serial_bayou_lagoon_a,
          serial_bayou_pond_d, ebering_ghost_sewer_d, eino_tiny_chamber,
          minmay_ruptured
D:5:      gammafunk_temple_overflow_forgotten, kennysheep_little_box,
          minmay_temple_entry_butterflies, serial_shops, shop,
          hangedman_decor_slide_cut
D:6:      okawaru_gym_becter, basic_altar, uniq_duvessa, uniq_grinder
D:7:      nemelex_xobeh_ov_fountains_minmay, bloody_makhleb, the_bakery,
          uniq_joseph
D:8:      lemuel_crystal_altar
D:9:      old_standard_altar, lair_entry_dummy, basic_altar,
          hangedman_glass_teeth
D:10:     enter_bailey_3, uniq_maurice
D:11:     nicolae_trove_entry_free_sample, hangedman_decor_lopped,
          kennysheep_generic_room_11
D:12:     orc_0_dummy, serial_aquarium, aquarium_bridge_long_joined,
          aquarium_bridge_square, aquarium_window_2, aquarium_window_corridor_3,
          aquarium_view_2d, aquarium_view_2e, minivault_7
D:13:     biasface_ghost_orc_armoury
Temple:   nicolae_temple_figure_eight
Lair:1:   cheibrodos_lair_river_kwai, ebering_ghost_reflecting_pool,
          hibernation_bobbens, infiniplex_staircase_pool
Lair:2:   gammafunk_ghost_grave, serial_bayou_pond_d
Lair:3:   elwin_shoals_entry_stream, minmay_snake_entry_guardpost_small,
          nicolae_volcano_entry_hallway, minivault_26, serial_bayou_shore_b,
          serial_bayou_shore_b
Lair:4:   grunt_megastairs_2, lemuel_fruit_tree
Lair:5:   nicolae_slime_entry_slimehenge, lemuel_oklob_altar,
          grunt_megastairs_3, serial_bayou_shore_b, uniq_rupert, uniq_kirke
Lair:6:   due_jungle_book
Orc:2:    st_orc_rangers
Bailey:   bailey_axe_of_yendor_kennysheep, bailey
Volcano:  volcano_aerie

Skill      XL: |  1  2  3  4  5  6  7  8  9 10 11 12 13 14 15 |
---------------+----------------------------------------------+-----
Invocations    | 1 2 3 4 5 6 7 8 9 10 | 10.5
Short Blades   | 1 2 3 4 5 6 7 8 9 |  9.7
Long Blades    | 1 2 3 4 5 6 7 8 9 |  9.7
Polearms       | 1 2 3 4 5 6 7 8 9 |  9.7
Staves         | 1 2 3 4 5 6 7 8 9 |  9.7
Slings         | 1 2 3 4 5 6 7 8 9 |  9.7
Bows           | 1 2 3 4 5 6 7 8 9 |  9.7
Crossbows      | 1 2 3 4 5 6 7 8 9 |  9.7
Dodging        | 1 2 3 4 5 6 7 8 9 |  9.7
Stealth        | 1 2 3 4 5 6 7 8 9 |  9.7
Unarmed Combat | 1 2 3 4 5 6 7 8 9 |  9.7
Spellcasting   | 1 2 3 4 5 6 7 8 9 |  9.7
Evocations     | 1 2 3 4 5 6 7 8 9 |  9.7
Conjurations   | 1 2 3 4 5 6 7 8 |  8.1
Hexes          | 1 2 3 4 5 6 7 8 |  8.1
Charms         | 1 2 3 4 5 6 7 8 |  8.1
Summonings     | 1 2 3 4 5 6 7 8 |  8.1
Necromancy     | 1 2 3 4 5 6 7 8 |  8.1
Translocations | 1 2 3 4 5 6 7 8 |  8.1
Transmutations | 1 2 3 4 5 6 7 8 |  8.1
Fire Magic     | 1 2 3 4 5 6 7 8 |  8.1
Ice Magic      | 1 2 3 4 5 6 7 8 |  8.1
Air Magic      | 1 2 3 4 5 6 7 8 |  8.1
Earth Magic    | 1 2 3 4 5 6 7 8 |  8.1
Poison Magic   | 1 2 3 4 5 6 7 8 |  8.1
Throwing       | 3 4 5 6 7 8 9 10 | 10.0
Armour         | 3 4 5 6 7 8 9 10 | 10.0
Shields        | 3 4 5 6 7 8 9 10 | 10.0
Axes           | 5 6 7 8 9 10 | 10.6
Maces & Flails | 5 6 7 8 9 10 | 10.6
Fighting       | 7 8 9 10 11 | 11.5

Action                   |  1- 3 |  4- 6 |  7- 9 | 10-12 | 13-15 || total
-------------------------+-------+-------+-------+-------+-------++-------
Melee: Mace              |    89 |   103 |       |       |       ||   192
       Bite              |     7 |    18 |    48 |   113 |   205 ||   391
       Whip              |       |    86 |   407 |   856 |  1106 ||  2455
       Punch             |       |     1 |     4 |    22 |       ||    27
       Fustibalus        |       |       |       |     1 |     2 ||     3
 Fire: Hunting sling     |       |       |       |   131 |    18 ||   149
       Fustibalus        |       |       |       |    65 |   334 ||   399
Invok: Call Merchant     |       |       |       |     2 |       ||     2
 Abil: Evoke Invisibilit |       |       |       |     1 |     9 ||    10
       Evoke Berserk Rag |       |       |       |       |     5 ||     5
Evoke: Wand              |       |       |       |    17 |    17 ||    34
  Use: Scroll            |       |       |    18 |    13 |    11 ||    42
       Potion            |       |       |     3 |     5 |     5 ||    13
 Stab: Paralysed         |       |     1 |       |       |       ||     1
       Distracted        |       |       |       |    10 |     9 ||    19
       Invisible         |       |       |       |     6 |    34 ||    40
  Eat: Chunk             |     1 |     6 |     5 |       |       ||    12
       Ration            |       |       |     4 |     9 |    12 ||    25
Armor: Ring mail         |    27 |       |       |       |       ||    27
       Scale mail        |    16 |    93 |   146 |   115 |       ||   370
       Plate armour      |       |       |       |   272 |   423 ||   695
Dodge: Dodged            |    42 |   102 |   218 |   308 |   370 ||  1040
Block: Buckler           |       |       |       |    57 |   296 ||   353
       Reflection        |       |       |       |       |    16 ||    16

Table legend:
 A = Spawn XP
 B = Non-spawn XP
 C = Spawn XP percentage of total XP
 D = Spawn monster count
 E = Non-spawn monster count
 F = Spawn count percentage of total count
 G = Total turns spent on level
                    A         B        C        D         E        F      G
               +---------+---------+-------+---------+---------+-------+---------
         Total |       0 |   93432 |   0.0 |       0 |     644 |   0.0 | 28446
               +---------+---------+-------+---------+---------+-------+---------
           D:1 |       0 |      39 |   0.0 |       0 |      19 |   0.0 |   893
           D:2 |       0 |      76 |   0.0 |       0 |      22 |   0.0 |  1271
           D:3 |       0 |     226 |   0.0 |       0 |      59 |   0.0 |  1096
           D:4 |       0 |     741 |   0.0 |       0 |      20 |   0.0 |  1132
           D:5 |       0 |     603 |   0.0 |       0 |      28 |   0.0 |  1444
           D:6 |       0 |     753 |   0.0 |       0 |       9 |   0.0 |  1229
           D:7 |       0 |    1339 |   0.0 |       0 |      21 |   0.0 |  1735
           D:8 |       0 |    1555 |   0.0 |       0 |      32 |   0.0 |   866
           D:9 |       0 |    1203 |   0.0 |       0 |      24 |   0.0 |  1450
          D:10 |       0 |    3498 |   0.0 |       0 |      37 |   0.0 |  1443
          D:11 |       0 |    7680 |   0.0 |       0 |      40 |   0.0 |  1543
          D:12 |       0 |    7689 |   0.0 |       0 |      62 |   0.0 |  1604
          D:13 |       0 |    3606 |   0.0 |       0 |      20 |   0.0 |   256
        Lair:1 |       0 |    9243 |   0.0 |       0 |      30 |   0.0 |  2100
        Lair:2 |       0 |    3001 |   0.0 |       0 |      14 |   0.0 |   667
        Lair:3 |       0 |    5507 |   0.0 |       0 |      21 |   0.0 |  1007
        Lair:4 |       0 |    9811 |   0.0 |       0 |      24 |   0.0 |  1338
        Lair:5 |       0 |    7298 |   0.0 |       0 |      27 |   0.0 |  1549
        Lair:6 |       0 |   16781 |   0.0 |       0 |      37 |   0.0 |  2006
         Orc:1 |       0 |    3481 |   0.0 |       0 |      17 |   0.0 |   461
         Orc:2 |       0 |    1525 |   0.0 |       0 |      21 |   0.0 |    93
        Bailey |       0 |    2682 |   0.0 |       0 |      44 |   0.0 |  1849
       Volcano |       0 |    5095 |   0.0 |       0 |      16 |   0.0 |  1215
               +---------+---------+-------+---------+---------+-------+---------

Vault maps used:
D:1:      wheals_arrival_linesprint
D:3:      minmay_roachtagon, nicolae_ru_great_annihilating_truth, uniq_robin
D:4:      first_ration, serial_bayou, serial_bayou_pond_a, serial_bayou_pond_d,
          serial_bayou_shore_a, serial_bayou_pond_d, serial_bayou_lagoon_a,
          serial_bayou_pond_d, ebering_ghost_sewer_d, eino_tiny_chamber,
          minmay_ruptured
D:5:      gammafunk_temple_overflow_forgotten, kennysheep_little_box,
          minmay_temple_entry_butterflies, serial_shops, shop,
          hangedman_decor_slide_cut
D:6:      okawaru_gym_becter, basic_altar, uniq_duvessa, uniq_grinder
D:7:      nemelex_xobeh_ov_fountains_minmay, bloody_makhleb, the_bakery,
          uniq_joseph
D:8:      lemuel_crystal_altar
D:9:      old_standard_altar, lair_entry_dummy, basic_altar,
          hangedman_glass_teeth
D:10:     enter_bailey_3, uniq_maurice
D:11:     nicolae_trove_entry_free_sample, hangedman_decor_lopped,
          kennysheep_generic_room_11
D:12:     orc_0_dummy, serial_aquarium, aquarium_bridge_long_joined,
          aquarium_bridge_square, aquarium_window_2, aquarium_window_corridor_3,
          aquarium_view_2d, aquarium_view_2e, minivault_7
D:13:     biasface_ghost_orc_armoury
Temple:   nicolae_temple_figure_eight
Lair:1:   cheibrodos_lair_river_kwai, ebering_ghost_reflecting_pool,
          hibernation_bobbens, infiniplex_staircase_pool
Lair:2:   gammafunk_ghost_grave, serial_bayou_pond_d
Lair:3:   elwin_shoals_entry_stream, minmay_snake_entry_guardpost_small,
          nicolae_volcano_entry_hallway, minivault_26, serial_bayou_shore_b,
          serial_bayou_shore_b
Lair:4:   grunt_megastairs_2, lemuel_fruit_tree
Lair:5:   nicolae_slime_entry_slimehenge, lemuel_oklob_altar,
          grunt_megastairs_3, serial_bayou_shore_b, uniq_rupert, uniq_kirke
Lair:6:   due_jungle_book
Orc:2:    st_orc_rangers
Bailey:   bailey_axe_of_yendor_kennysheep, bailey
Volcano:  volcano_aerie

Table legend:
 A = Turns spent in this place as a percentage of turns spent in the entire game.
 B = Non-inter-level travel turns spent in this place as a percentage of non-inter-level travel turns spent in the entire game.
 C = Inter-level travel turns spent in this place as a percentage of turns spent in this place.
 D = Turns resting spent in this place as a percentage of non-inter-level travel turns spent in this place.
 E = Turns spent auto-exploring this place as a percentage of non-inter-level travel turns spent in this place.
 F = Non-inter-level travel turns spent in this place divided by the number of levels of this place that you've seen.
                   A       B       C       D       E      F
               +-------+-------+-------+-------+-------+----------------------
         Total | 100.0 | 100.0 |   8.0 |  10.6 |  66.7 | 1090.2
       Dungeon |  56.1 |  55.7 |   8.7 |   4.9 |  73.9 | 1120.5
        Temple |   0.7 |   0.7 |  12.6 |   0.0 |  96.6 | 174.0
          Lair |  30.5 |  30.0 |   9.6 |  10.2 |  65.7 | 1306.5
  Orcish Mines |   1.9 |   2.0 |   6.0 |  15.4 |  42.4 | 260.5
        Bailey |   6.5 |   7.1 |   0.0 |  38.7 |  37.4 | 1849.0
       Volcano |   4.3 |   4.6 |   0.0 |  38.8 |  38.2 | 1215.0
               +-------+-------+-------+-------+-------+----------------------

Table legend:
 A = Kills in this place as a percentage of kills in entire the game.
 B = Kills by you in this place as a percentage of kills by you in the entire game.
 C = Kills by friends in this place as a percentage of kills by friends in the entire game.
 D = Other kills in this place as a percentage of other kills in the entire game.
 E = Experience gained in this place as a percentage of experience gained in the entire game.
 F = Experience gained in this place divided by the number of levels of this place that you have seen.
                   A       B       C       D       E      F
               +-------+-------+-------+-------+-------+----------------------
         Total | 100.0 | 100.0 |   N/A | 100.0 | 100.0 | 3893.0
       Dungeon |  61.0 |  61.6 |   N/A |   0.0 |  31.0 | 2231.4
          Lair |  23.8 |  23.8 |   N/A |  16.7 |  55.3 | 8606.8
  Orcish Mines |   5.9 |   5.3 |   N/A |  66.7 |   5.4 | 2503.0
        Bailey |   6.8 |   6.9 |   N/A |   0.0 |   2.9 | 2682.0
       Volcano |   2.5 |   2.4 |   N/A |  16.7 |   5.5 | 5095.0
               +-------+-------+-------+-------+-------+----------------------
